 Dungeon Crawl Stone Soup version 0.18.1-8-gdd0e5ea (webtiles) character file.

415 zeroDi the Sneak (level 6, 0/30 HPs)
             Began as a Vine Stalker Assassin on May 29, 2016.
             Slain by an ice beast (9 damage)
             ... on level 5 of the Dungeon.
             The game lasted 00:08:06 (3182 turns).

zeroDi the Sneak (Vine Stalker Assassin)            Turns: 3182, Time: 00:08:06

Health: 0/30       AC:  5    Str: 13    XL:     6   Next: 91%
Magic:  0/7        EV: 11    Int: 11    God:
Gold:   283        SH:  0    Dex: 18    Spells: 0 memorised, 5 levels left

rFire  . . .     SeeInvis .     a - +2 dagger (holy)
rCold  . . .     Gourm    .     c - +0 robe
rNeg   . . .     Faith    .     (no shield)
rPois  .         Spirit   +     (no helmet)
rElec  .         Dismiss  .     d - +0 cloak
rCorr  .         Reflect  .     k - +0 pair of gloves
SustAt .         Harm     .     l - +0 pair of boots
MR     .....                    (no amulet)
Stlth  +++.......               (no ring)
                                (no ring)

@: not resistant to hostile enchantments, fairly stealthy
A: fangs 2, regeneration 2, magic shield, antimagic bite, no device heal 3, rot
immunity
a: no special abilities


You were on level 5 of the Dungeon.
You were hungry.

You visited 1 branch of the dungeon, and saw 5 of its levels.

You collected 283 gold pieces.


Innate Abilities, Weirdness & Mutations

You have extremely sharp teeth.
You heal very quickly.
When hurt, damage is shared between your health and your magic reserves.
Your bite disrupts and absorbs the magic of your enemies.
Potions and wands cannot restore your health.
You are immune to rotting.


   Skills:
 - Level 1.7 Fighting
 - Level 6.0 Short Blades
 - Level 1.7 Throwing
 - Level 0.7 Dodging
 * Level 6.1 Stealth


You had 5 spell levels left.
You didn't know any spells.

Inventory:

Hand Weapons
 a - a +2 dagger of holy wrath (weapon)
 b - a +0 blowgun
 p - a +2 dagger
 t - a +0 short sword
Missiles
 e - 19 poisoned needles
 f - 2 curare-tipped needles {=f}
 o - 6 tomahawks
 D - 5 tomahawks of returning (quivered)
 G - 6 javelins
Armour
 c - a +0 robe (worn)
 d - a +0 cloak (worn)
 k - a +0 pair of gloves (worn)
 l - a +0 pair of boots (worn)
Jewellery
 j - a cursed amulet of inaccuracy {unknown}
 u - an uncursed ring of flight {unknown}
 y - a cursed ring of loudness {unknown}
 B - an uncursed ring of positive energy {unknown}
Scrolls
 h - 3 scrolls of teleportation {unknown}
 m - a scroll of fog {unknown}
 n - 4 scrolls of identify {unknown}
 v - a scroll of enchant weapon {unknown}
 w - a scroll of remove curse {unknown}
 A - 2 scrolls of magic mapping {unknown}
 E - a scroll of random uselessness {unknown}
 F - a scroll of fear {unknown}
 H - a scroll of blinking {unknown}
Potions
 q - a potion of lignification {unknown}
 s - 4 potions of resistance {unknown}
 x - a potion of curing {unknown}
 z - a potion of degeneration {unknown}
 C - a potion of might {unknown}
Comestibles
 g - 2 bread rations
 i - 4 meat rations
 r - a beef jerky

Dungeon Overview and Level Annotations

Branches:
Dungeon (5/15)
 Temple: D:4-7

Altars:
Gozag
Ru

Shops:
D:5 }

Annotations:
D:2 1 exclusion, Sigmund
D:3 1 exclusion, Grinder

#..<#####.....#
##...[## ####..#
##......# ####
#.......## #
#........## .#
##.........# ..#
#....∩..[..## ...#
##.....Y....#....#
##....@.........#
#...............#
###.##..........#
#.###.....(...#
.## #.....(..## #.
##.....(.# #.
#.......#
##....((.


You could see an ice beast.


Message History

The ice beast completely misses you.
You hit the ice beast.
You bite the ice beast, but do no damage.
The ice beast is heavily wounded.
You closely miss the ice beast.
The ice beast is heavily wounded.
The ice beast closely misses you.
You hit the ice beast but do no damage.
The ice beast is heavily wounded.
The ice beast hits you. The ice beast freezes you!
* * * LOW HITPOINT WARNING * * *
You are too injured to fight recklessly!
The ice beast closely misses you.
There is an entrance to Ysuruzirch's Gadget Shoppe here.
You barely miss the ice beast.
The ice beast is heavily wounded.
The ice beast hits you.
* * * LOW HITPOINT WARNING * * *
The ice beast freezes you!
You die...

Action                   |  1- 3 |  4- 6 || total
-------------------------+-------+-------++-------
Melee: Dagger            |    63 |   177 ||   240
       Bite              |    14 |    49 ||    63
 Fire: Blowgun           |       |    12 ||    12
Throw: Tomahawk          |       |    19 ||    19
 Stab: Sleeping          |    13 |    11 ||    24
       Distracted        |       |     2 ||     2
  Eat: Chunk             |     1 |     4 ||     5
       Pizza             |       |     1 ||     1
Armor: Robe              |    10 |    46 ||    56
Dodge: Dodged            |    22 |    82 ||   104

Vault maps used:
D:1:      minmay_arrival_widening_spiral_wide, minivault_27
D:2:      kennysheep_the_goblin_king, uniq_sigmund
D:3:      overflow_temple_1_default, uniq_grinder, uniq_crazy_yiuf_cottage
D:4:      nicolae_gozag_cash_rules_everything_around_me, first_bread,
          hangedman_decor_opposing
D:5:      serial_shops, shop

Notes
Turn   | Place    | Note
--------------------------------------------------------------
     0 | D:1      | zeroDi the Vine Stalker Assassin began the quest for the Orb.
     0 | D:1      | Reached XP level 1. HP: 11/11 MP: 2/2
   119 | D:1      | Reached skill level 2 in Short Blades
   181 | D:1      | Reached XP level 2. HP: 15/15 MP: 3/3
   745 | D:2      | Reached skill level 3 in Short Blades
   758 | D:2      | Reached XP level 3. HP: 18/18 MP: 4/4
   851 | D:2      | Noticed Sigmund
  1097 | D:2      | Reached XP level 4. HP: 23/23 MP: 5/5
  1326 | D:3      | Found a sacrificial altar of Ru.
  1357 | D:3      | Noticed Grinder
  1553 | D:3      | Reached skill level 4 in Short Blades
  1601 | D:3      | Reached XP level 5. HP: 16/26 MP: 4/6
  1866 | D:3      | Noticed Crazy Yiuf
  1884 | D:3      | Killed Crazy Yiuf
  1884 | D:3      | Reached skill level 5 in Short Blades
  2183 | D:4      | Found an opulent altar of Gozag.
  2383 | D:4      | Gained mutation: You heal very quickly. [Vine Stalker growth]
  2383 | D:4      | Reached XP level 6. HP: 7/30 MP: 7/7
  3074 | D:5      | Entered Level 5 of the Dungeon
  3074 | D:5      | Found Ysuruzirch's Gadget Shoppe.
  3082 | D:5      | Reached skill level 6 in Short Blades
  3127 | D:5      | Reached skill level 5 in Stealth
  3139 | D:5      | Noticed an ice beast
  3143 | D:5      | Reached skill level 6 in Stealth
  3182 | D:5      | Slain by an ice beast

Vanquished Creatures
  An ogre (D:5)
  A scorpion (D:3)
  A giant frog zombie (D:5)
  Crazy Yiuf (D:3)
  2 orc wizards (D:4)
  An iguana (D:4)
  A worker ant (D:4)
  A hound skeleton (D:5)
  2 adders (D:2)
  An ooze (D:1)
  An adder skeleton (D:4)
  4 worms
  3 giant geckos
  6 orcs
  A ball python (D:2)
  6 bats
  A giant cockroach (D:1)
  8 hobgoblins
  7 jackals (D:3)
  2 quokkas
  4 giant newts
  10 goblins
  5 kobolds
  8 rats
78 creatures vanquished.
